 Dungeon Crawl Stone Soup version 0.31.0-4-g52a2dc7128 (webtiles) character file.

Game seed: 6146563599038448070

5386 sasquatch the Cleaver (level 10, 0/106 HPs)
             Began as a Demonspawn Berserker on Jan 22, 2024.
             Was an Elder of Trog.
             Slain by Erica
             ... wielding a +4 scimitar of flaming
              (7 damage)
             ... on level 10 of the Dungeon.
             The game lasted 00:11:49 (8130 turns).

sasquatch the Cleaver (Demonspawn Berserker)        Turns: 8130, Time: 00:11:50

Health: 0/106      AC: 18    Str: 21    XL:     10   Next: 39%
Magic:  10/10      EV:  6    Int:  9    God:    Trog [****..]
Gold:   365        SH:  0    Dex: 12    Spells: 9/9 levels left

rFire   x x .        u - +3 battleaxe (flame)
rCold   x . .        (shield currently unavailable)
rNeg    . . .        C - +0 chain mail
rPois   +            (helmet restricted)
rElec   .            c - +0 cloak
rCorr   .            (no gloves)
SInv    .            (no boots)
Will    +....        t - amulet of Elemental Vulnerability {rPois rF-- rC-- AC+8} Stlth
                     f - ring of willpower
HPRegen 0.37/turn    g - ring of protection from cold
MPRegen 0.12/turn

%: no passive effects
@: mighty, berserking, lethally poisoned (0 -> -5), constricted, very quick
A: claws 1, hooves 2, horns 1, powered by pain 1
a: Renounce Religion, Berserk, Trog's Hand, Brothers in Arms


You were on level 10 of the Dungeon.
You worshipped Trog.
Trog was greatly pleased with you.
You visited 2 branches of the dungeon, and saw 11 of its levels.
You also visited: Sewer.

You collected 461 gold pieces.
You spent 96 gold pieces at shops.

Inventory:

Hand Weapons
 a - a +0 hand axe
 p - a +3 war axe
 u - a +3 battleaxe of flaming (weapon)
Missiles
 x - 4 poisoned darts (quivered)
Armour
 c - a +0 cloak (worn)
 C - a +0 chain mail (worn)
Jewellery
 f - a ring of willpower (left claw)
 g - a ring of protection from cold (right claw)
 t - the amulet of Elemental Vulnerability (around neck) {rPois rF-- rC-- AC+8}
   (You found it on level 3 of the Dungeon)

   [amulet of nothing]

   AC+8:      It affects your AC (+8).
   rF--:      It makes you very vulnerable to fire.
   rC--:      It makes you very vulnerable to cold.
   rPois:     It protects you from poison
Wands
 r - a wand of iceblast (8)
 v - a wand of paralysis (38)
 A - a wand of polymorph (12)
 F - a wand of flame (26)
 G - a wand of mindburst (6)
Scrolls
 b - a scroll of blinking {unknown}
 e - 2 scrolls of vulnerability
 h - a scroll of poison {unknown}
 i - a scroll of enchant armour {unknown}
 l - a scroll of silence {unknown}
 m - 2 scrolls of teleportation
 n - a scroll of immolation {unknown}
 o - a scroll of fear {unknown}
 s - 3 scrolls of revelation
Potions
 j - 6 potions of heal wounds
 k - 5 potions of curing
 q - a potion of berserk rage
 z - 2 potions of lignification
 B - a potion of attraction
 D - a potion of might
 E - a potion of magic {unknown}


   Skills:
 + Level 3.7 Fighting
 + Level 13.8 Axes
 - Level 2.7 Armour
 - Level 2.6 Dodging
 - Level 0.2 Unarmed Combat


You had 9 spell levels left.
You didn't know any spells.
Your spell library was empty.

Dungeon Overview and Level Annotations

Branches:
Dungeon (9/15)             Temple (1/1) D:6           Sewer (visited)
   Lair: D:8-11         Orc: D:9-12

Altars:
Ashenzari
Cheibriados
Dithmenos
Fedhas
Gozag
Hepliaklqana
Kikubaaqudgha
Makhleb
Nemelex Xobeh
Okawaru
Qazlal
Ru
Sif Muna
Trog
Uskayaw
Vehumet
Wu Jian
Xom
Yredelemnul

Shops:
D:2 [   D:7 *

Annotations:
D:10 Erica


Innate Abilities, Weirdness & Mutations

You have sharp fingernails.
You have hoof-like feet.
You have a pair of small horns on your head.
You sometimes gain a little power by taking damage.


Message History

You now have 365 gold pieces (gained 10).
You see here a staff of death.
H - a +6 ring of intelligence
Okay, then.
You drop a +0 ring mail.
You drop a +6 ring of dexterity.
You drop an amulet of guardian spirit.
You drop a +6 ring of intelligence.
Erica the Fiery-Tempered comes into view.
She is wielding a +4 scimitar of flaming.
Erica mumbles some strange words.
Erica flickers and vanishes!
Deactivating autopickup; reactivate with Ctrl-A.
You start waiting.
You hear some strange, mumbled words.
A bolt of poison appears from out of thin air!
The bolt of poison hits you.
You are poisoned.
You resist.
You feel very sick.
You hit something. You burn something. You headbutt something.
You feel very sick. Something hits you! Something burns you!
Something grabs you.
You are constricted.
A red film seems to cover your vision as you go berserk!
You feel yourself moving faster!
You feel mighty!
You feel very sick. Something hits you! Something burns you.
You are constricted.
You completely miss something. Your headbutt misses something.
You feel sick. Something hits you!
* * * LOW HITPOINT WARNING * * *
Something burns you.
* * * LOW HITPOINT WARNING * * *
You are constricted.
You closely miss something. Your headbutt misses something.
You feel sick. Something hits you!
* * * LOW HITPOINT WARNING * * *
You focus on the pain.
You feel very mighty all of a sudden. Something burns you!
You die...

######......#
#...........#
+...........#
#...........#
#.#########.#
# #.#
#.#########.#
##...........#
........@{...#
.....####....#
... #....# .
#....# #....#
.....# ......#
.......#
........#


There were no monsters in sight!

Vanquished Creatures
  A two-headed ogre (D:10)
  Pikel (D:5)
  Maurice (D:8)
  Maggie (D:7)
  Psyche (D:8)
  A troll (D:9)
  3 yaks (D:9)
  A steam dragon (D:6)
  3 orc warriors
  2 sky beasts (D:7)
  A black bear (D:7)
  A centaur (D:7)
  2 ogres
  3 bullfrogs
  Blork the orc (D:6)
  3 scorpions
  A gnoll sergeant (D:10)
  5 wights (D:7)
  5 howler monkeys
  2 hounds
  An orc priest (D:9)
  Crazy Yiuf (D:3)
  2 gnoll boudas
  4 iguanas
  2 sleepcaps
  Natasha (thrice) (D:3)
  Ijyb (D:3)
  4 orc wizards
  16 gnolls
  11 adders
  3 shadow imps
  A white imp (D:5)
  2 ufetubi (D:3)
  8 dart slugs
  18 orcs
  6 endoplasms
  15 giant cockroaches
  5 hobgoblins
  6 jackals
  4 kobolds
  4 quokkas
  10 ball pythons
  8 bats
  12 frilled lizards
  8 goblins
  A goblin zombie (D:5)
  A quokka zombie (D:5)
  11 rats
207 creatures vanquished.

Notes
Turn   | Place    | Note
-------+----------+-------------------------------------------
     0 | D:1      | sasquatch the Demonspawn Berserker began the quest for the
                  | Orb.
     0 | D:1      | Reached XP level 1. HP: 18/18 MP: 1/1
     2 | D:1      | Noticed a tengu
     4 | D:1      | Noticed a formicid
     6 | D:1      | Noticed an elf
     6 | D:1      | Noticed a spriggan
     8 | D:1      | Noticed a draconian
     8 | D:1      | Noticed an armataur
    10 | D:1      | Noticed a demigod
    10 | D:1      | Noticed a human
    12 | D:1      | Noticed a vampire
    12 | D:1      | Noticed a minotaur
    14 | D:1      | Noticed a vine stalker
    14 | D:1      | Noticed a gargoyle
    16 | D:1      | Noticed a felid
    16 | D:1      | Noticed a barachi
    18 | D:1      | Noticed a demonspawn
    18 | D:1      | Noticed a merfolk
    20 | D:1      | Noticed a ghoul
    20 | D:1      | Noticed a naga
    22 | D:1      | Noticed a djinni
    24 | D:1      | Noticed an octopode
    24 | D:1      | Noticed a troll
    26 | D:1      | Noticed an oni
   101 | D:1      | Gained mutation: You sometimes gain a little power by
                  | taking damage. [demonic ancestry]
   101 | D:1      | Reached XP level 2. HP: 20/24 MP: 2/2
   554 | D:1      | Reached skill level 3 in Axes
   689 | D:1      | Reached XP level 3. HP: 8/29 MP: 3/3
  1046 | D:2      | Reached ** piety under Trog
  1099 | D:2      | Found Gaywy's Antique Armour Shop.
  1290 | D:2      | Noticed a scorpion
  1300 | D:2      | Killed a scorpion
  1301 | D:2      | Discovered your monstrous ancestry.
  1301 | D:2      | Gained mutation: You have sharp fingernails. [demonic
                  | ancestry]
  1301 | D:2      | Reached XP level 4. HP: 37/37 MP: 4/4
  2042 | D:3      | Noticed Ijyb
  2047 | D:3      | Reached XP level 5. HP: 36/42 MP: 5/5
  2049 | D:3      | Killed Ijyb
  2152 | D:3      | Reached skill level 4 in Axes
  2203 | D:3      | Noticed Natasha
  2212 | D:3      | Killed Natasha
  2492 | D:3      | Noticed Natasha
  2498 | D:3      | Killed Natasha
  2555 | D:3      | Noticed Natasha
  2561 | D:3      | Killed Natasha
  2562 | D:3      | Gained mutation: You have large cloven feet. [demonic
                  | ancestry]
  2562 | D:3      | Reached XP level 6. HP: 48/48 MP: 6/6
  2649 | D:3      | Found a runed translucent door.
  2650 | D:3      | Noticed Crazy Yiuf
  2725 | D:3      | Found the amulet of Elemental Vulnerability {rPois rF--
                  | rC-- AC+8}
  3035 | D:3      | HP: 1/44 [Crazy Yiuf/+4 quarterstaff of chaos (12)]
  3039 | D:3      | Killed Crazy Yiuf
  3040 | D:3      | Reached skill level 5 in Axes
  3361 | D:4      | Found a stormy altar of Qazlal.
  3362 | D:4      | Found an ornate altar of the Wu Jian Council.
  3487 | D:4      | Found a broken altar of Ashenzari.
  3930 | D:5      | Entered Level 5 of the Dungeon
  3937 | D:5      | Reached *** piety under Trog
  3952 | D:5      | Noticed Pikel
  3971 | D:5      | Killed Pikel
  3972 | D:5      | Reached skill level 7 in Axes
  3972 | D:5      | Reached XP level 7. HP: 20/53 MP: 7/7
  4106 | D:5      | Reached skill level 8 in Axes
  4217 | D:5      | Found a glowing drain.
  4220 | Sewer    | Entered a sewer
  4272 | Sewer    | Gained mutation: You have a pair of small horns on your
                  | head. [demonic ancestry]
  4272 | Sewer    | Reached XP level 8. HP: 58/60 MP: 8/8
  4898 | D:5      | Found a blossoming altar of Fedhas.
  5170 | D:5      | Reached **** piety under Trog
  5234 | D:6      | Reached skill level 9 in Axes
  5277 | D:6      | Noticed Blork the orc
  5282 | D:6      | Killed Blork the orc
  5291 | D:6      | Found a staircase to the Ecumenical Temple.
  5391 | D:6      | Reached skill level 10 in Axes
  5421 | D:6      | Found a hazy altar of Hepliaklqana.
  5423 | D:6      | Found an iron altar of Okawaru.
  6022 | D:7      | Noticed Maggie
  6030 | D:7      | Reached XP level 9. HP: 37/65 MP: 9/9
  6041 | D:7      | Killed Maggie
  6042 | D:7      | Reached skill level 11 in Axes
  6208 | Temple   | Entered the Ecumenical Temple
  6681 | D:7      | Reached skill level 12 in Axes
  6833 | D:7      | Found Coerch's Assorted Antiques.
  6844 | D:7      | Bought a scroll of identify for 48 gold pieces
  6844 | D:7      | Bought a scroll of identify for 48 gold pieces
  7089 | D:8      | Found a radiant altar of Vehumet.
  7180 | D:8      | Noticed Psyche
  7189 | D:8      | Killed Psyche
  7265 | D:8      | Noticed Maurice
  7272 | D:8      | Killed Maurice
  7453 | D:9      | Noticed a troll
  7461 | D:9      | Killed a troll
  7462 | D:9      | Gained mutation: You have hoof-like feet. [demonic
                  | ancestry]
  7462 | D:9      | Reached XP level 10. HP: 68/71 MP: 10/10
  7468 | D:9      | Reached skill level 13 in Axes
  7820 | D:9      | Found a hide-covered altar of Uskayaw.
  7833 | D:9      | You fall into a shaft and drop 1 floor!
  7833 | D:10     | Entered Level 10 of the Dungeon
  7836 | D:10     | Noticed a two-headed ogre
  7845 | D:10     | Killed a two-headed ogre
  8114 | D:10     | Noticed Erica
  8130 | D:10     | Slain by Erica

Illustrated notes

Levels and vault maps discovered:
D:1:      kb_arrival_jail, layout_loops_ring, corexii_leaking_fountain,
          minmay_tetromino_o2
D:2:      layout_loops_cross, serial_shops, shop
D:3:      layout_basic, uniq_natasha, uniq_crazy_yiuf_cottage, uniq_ijyb
D:4:      layout_cave_pods, gammafunk_temple_overflow_forgotten
D:5:      layout_basic, marbit_many_paths,
          mainiacjoe_sewer_entry_somewhere_in_here_1, enter_ossuary_4,
          amcnicky_mini_rare_corridor_liquid, kennysheep_generic_room_7,
          uniq_pikel
D:6:      layout_loops_ring, minitemple, temple_fountains, uniq_blork_the_orc
D:7:      layout_basic, serial_shops, nicolae_shop_hallway_plus, uniq_maggie
D:8:      kennysheep_spiral_hall, layout_cave_pods, lemuel_crystal_altar,
          fungi_pond_lemuel, uniq_psyche, uniq_maurice
D:9:      layout_cave_pools, nicolae_uskayaw_murder_on_the_dancefloor,
          tso_metal_star, hex_large
D:10:     nicolae_hexawheel, layout_stronghold, serial_rivers,
          chequers_serial_rivers_small_b, chequers_serial_rivers_micro_e,
          chequers_serial_rivers_micro_b, chequers_serial_rivers_room_b,
          chequers_serial_rivers_micro_a, chequers_serial_rivers_micro_e,
          uniq_urug, uniq_erica
Temple:   nicolae_temple_figure_eight

Skill      XL: |  1  2  3  4  5  6  7  8  9 10 |
---------------+-------------------------------+-----
Armour         | 2 |  2.7
Dodging        | 2 |  2.6
Axes           | 3 4 7 8 10 12 13 | 13.8
Fighting       | |  3.7
Unarmed Combat | |  0.2

Action                     |  1- 3 |  4- 6 |  7- 9 | 10-12 || total
---------------------------+-------+-------+-------+-------++-------
  Melee: Hand axe          |   118 |    42 |       |       ||   160
         Punch             |     1 |     1 |       |       ||     2
         War axe           |       |   106 |    93 |       ||   199
         Unarmed           |       |     7 |       |       ||     7
         Kick              |       |    13 |    45 |    15 ||    73
         Battleaxe         |       |       |   148 |    48 ||   196
         Headbutt          |       |       |    30 |     6 ||    36
 Invoke: Berserk           |     2 |     1 |     3 |     2 ||     8
    Use: Scroll            |       |     4 |     3 |     1 ||     8
         Potion            |       |     3 |       |       ||     3
 Armour: Animal skin       |     7 |       |       |       ||     7
         Ring mail         |    63 |   128 |   154 |       ||   345
         Chain mail        |       |       |    74 |    47 ||   121
  Dodge: Dodged            |    68 |   103 |   150 |    21 ||   342
